[ AOE2 MATCH · #467007337 ]
UnrankedMalians vs Vikings
[ REPLAY ANALYSIS · EXTRACTED FROM THE RECORDED GAME ]
Feudal
15:49
Castle
24:31
Imperial
41:54
| APM avg | 20.4 |
| APM peak | 69 |
| eAPM avg | 10.3 |
| Villagers / military | 109 / 43 |
Focus
⚔️ 17.3% · 🌾 82.7%
Gbeto ×28 · Militia ×6 · Trebuchet (Packed) ×5 · Knight ×2 · Scout Cavalry ×2
Feudal
14:50
Castle
27:54
Imperial
39:13
| APM avg | 28.9 |
| APM peak | 80 |
| eAPM avg | 14.3 |
| Villagers / military | 87 / 79 |
Focus
⚔️ 33.3% · 🌾 66.7%
Berserk ×51 · Galley ×18 · Fishing Ship ×14 · Trebuchet (Packed) ×4 · Longboat ×3 · Fire Galley ×3
Feudal
13:44
Castle
25:25
Imperial
31:17
| APM avg | 19.6 |
| APM peak | 55 |
| eAPM avg | 11.2 |
| Villagers / military | 116 / 77 |
Focus
⚔️ 27.5% · 🌾 72.5%
Janissary ×70 · Unknown (2626) ×30 · Fishing Ship ×17 · Bombard Cannon ×5 · Trebuchet (Packed) ×2
Feudal
13:36
Castle
23:24
Imperial
41:49
| APM avg | 15.2 |
| APM peak | 37 |
| eAPM avg | 8.9 |
| Villagers / military | 65 / 49 |
Focus
⚔️ 30.4% · 🌾 69.6%
Militia ×44 · Skirmisher ×5 · Fishing Ship ×3
Match map
Initial resources + every placement click. Lines = walls · curves = elevation contours. ◆ gold · ⬟ stone · ● berries · ✦ relic · ◌ wall gap
Your base· Open — unwalled flank
KMTZ's base· Open — unwalled flank
ajahrens's base· Open — unwalled flank
fs19mehmet's base· Open — unwalled flank
Smoothed initial terrain · ◌ = detected wall gap · hover for details
Inputs per minute
— bobey2017 - - KMTZ
Build order — bobey2017
First 150 of 218 actions detected
| 1:23 | Build | Town Center |
| 2:54 | Build | House |
| 3:09 | Build | House |
| 3:35 | Create | Villager (Male) ×4 |
| 4:31 | Research | Loom |
| 5:13 | Create | Villager (Male) |
| 5:56 | Build | Mining Camp |
| 6:06 | Create | Villager (Male) |
| 6:17 | Create | Villager (Male) |
| 6:17 | Create | Villager (Male) |
| 6:39 | Create | Villager (Male) |
| 7:16 | Create | Villager (Male) |
| 7:24 | Build | House |
| 7:25 | Build | House |
| 7:38 | Create | Villager (Male) |
| 8:08 | Create | Villager (Male) |
| 8:46 | Create | Villager (Male) |
| 8:55 | Create | Villager (Male) |
| 9:29 | Create | Villager (Male) |
| 9:59 | Create | Villager (Male) |
| 10:13 | Create | Villager (Male) |
| 10:41 | Build | Lumber Camp |
| 11:11 | Create | Villager (Male) |
| 11:47 | Create | Villager (Male) |
| 12:15 | Build | House |
| 12:16 | Build | House |
| 12:16 | Build | House |
| 12:16 | Build | House |
| 12:17 | Build | House |
| 12:17 | Build | House |
| 12:17 | Build | House |
| 12:18 | Build | House |
| 12:18 | Build | House |
| 12:18 | Build | House |
| 12:19 | Build | House |
| 12:21 | Build | House |
| 12:22 | Build | House |
| 12:22 | Build | House |
| 12:22 | Build | House |
| 12:22 | Build | House |
| 12:23 | Build | House |
| 12:23 | Build | House |
| 12:23 | Build | House |
| 12:24 | Build | House |
| 12:24 | Build | House |
| 12:26 | Build | House |
| 12:46 | Create | Villager (Male) |
| 13:39 | Research | Feudal Age |
| 14:10 | Build | Mill |
| 15:10 | Create | Villager (Male) |
| 15:23 | Build | Barracks |
| 15:33 | Create | Villager (Male) |
| 15:33 | Create | Villager (Male) |
| 15:33 | Create | Villager (Male) |
| 15:49 | Age | Feudal Age |
| 16:38 | Create | Militia |
| 16:38 | Create | Militia |
| 17:04 | Build | Stable |
| 17:11 | Research | Man-at-Arms (upgrade) |
| 17:16 | Create | Villager (Male) |
| 17:17 | Create | Villager (Male) |
| 18:08 | Build | Mining Camp |
| 18:10 | Create | Scout Cavalry |
| 18:11 | Create | Scout Cavalry |
| 18:22 | Create | Villager (Male) |
| 18:39 | Build | Blacksmith |
| 19:01 | Create | Militia |
| 19:01 | Create | Militia |
| 19:02 | Create | Militia |
| 19:03 | Create | Militia |
| 19:16 | Create | Villager (Male) |
| 19:51 | Create | Villager (Male) |
| 20:50 | Create | Villager (Male) |
| 21:45 | Create | Villager (Male) |
| 21:51 | Research | Castle Age |
| 23:04 | Build | Farm |
| 23:04 | Build | Farm |
| 23:04 | Build | Farm |
| 23:05 | Build | Farm |
| 23:05 | Build | Farm |
| 23:05 | Build | Farm |
| 23:06 | Build | Farm |
| 23:06 | Build | Farm |
| 23:07 | Build | Farm |
| 23:08 | Build | Farm |
| 23:08 | Build | Farm |
| 23:12 | Research | Horse Collar |
| 23:15 | Research | Double-Bit Axe |
| 23:57 | Create | Villager (Male) |
| 23:57 | Create | Villager (Male) |
| 23:58 | Create | Villager (Male) |
| 24:31 | Age | Castle Age |
| 24:43 | Create | Villager (Male) |
| 25:20 | Create | Villager (Male) |
| 25:38 | Build | Town Center |
| 25:47 | Create | Villager (Male) |
| 26:04 | Build | Town Center |
| 26:20 | Create | Villager (Male) |
| 26:20 | Create | Villager (Male) |
| 27:08 | Create | Villager (Male) |
| 27:19 | Research | Stone Mining |
| 27:47 | Create | Villager (Male) ×5 |
| 27:54 | Build | Farm |
| 27:54 | Build | Farm |
| 27:54 | Build | Farm |
| 27:55 | Build | Farm |
| 27:55 | Build | Farm |
| 27:56 | Build | Farm |
| 28:08 | Build | Farm |
| 28:20 | Create | Villager (Male) |
| 28:28 | Create | Villager (Male) ×5 |
| 28:37 | Build | Farm |
| 28:38 | Build | Farm |
| 28:38 | Build | Farm |
| 28:39 | Build | Farm |
| 28:41 | Build | Farm |
| 28:42 | Build | Farm |
| 28:42 | Build | Farm |
| 28:42 | Build | Farm |
| 28:43 | Build | Farm |
| 28:43 | Build | Farm |
| 28:44 | Build | Farm |
| 28:44 | Build | Farm |
| 28:44 | Build | Farm |
| 28:45 | Build | Farm |
| 28:45 | Build | Farm |
| 28:45 | Build | Farm |
| 28:46 | Build | Farm |
| 28:46 | Build | Farm |
| 28:47 | Build | Farm |
| 28:47 | Build | Farm |
| 28:47 | Build | Farm |
| 29:02 | Create | Villager (Male) |
| 29:02 | Create | Villager (Male) |
| 29:36 | Build | University |
| 29:49 | Create | Villager (Male) ×5 |
| 29:55 | Build | Farm |
| 29:55 | Build | Farm |
| 29:56 | Build | Farm |
| 29:56 | Build | Farm |
| 29:57 | Build | Farm |
| 30:08 | Build | Farm |
| 30:08 | Build | Farm |
| 30:27 | Build | Castle |
| 31:13 | Create | Villager (Male) |
| 31:13 | Create | Villager (Male) |
| 31:13 | Create | Villager (Male) |
| 31:13 | Create | Villager (Male) |
| 31:35 | Build | Farm |
| 31:36 | Build | Farm |
Build order — KMTZ
First 150 of 267 actions detected
| 1:37 | Build | Town Center |
| 2:24 | Build | Dock |
| 3:24 | Create | Villager (Male) |
| 3:24 | Create | Villager (Male) |
| 3:25 | Create | Villager (Male) |
| 3:27 | Create | Villager (Male) |
| 3:52 | Create | Villager (Male) |
| 3:53 | Create | Villager (Male) |
| 3:53 | Create | Villager (Male) |
| 3:56 | Research | Loom |
| 4:00 | Build | House |
| 4:01 | Build | House |
| 4:05 | Create | Villager (Male) |
| 4:06 | Create | Villager (Male) |
| 4:24 | Create | Villager (Male) |
| 5:38 | Create | Fishing Ship |
| 5:48 | Build | House |
| 5:51 | Create | Villager (Male) |
| 7:19 | Create | Villager (Male) |
| 7:29 | Create | Fishing Ship |
| 7:29 | Create | Fishing Ship |
| 7:47 | Create | Villager (Male) |
| 7:47 | Create | Villager (Male) |
| 8:16 | Create | Villager (Male) |
| 8:16 | Create | Villager (Male) |
| 8:16 | Create | Villager (Male) |
| 8:16 | Create | Villager (Male) |
| 8:41 | Create | Villager (Male) |
| 8:55 | Build | House |
| 8:57 | Create | Villager (Male) |
| 9:37 | Create | Villager (Male) |
| 9:46 | Build | Dock |
| 9:58 | Build | House |
| 10:07 | Create | Villager (Male) |
| 10:08 | Create | Villager (Male) |
| 10:19 | Build | Lumber Camp |
| 10:45 | Create | Villager (Male) |
| 11:06 | Create | Fishing Ship |
| 11:14 | Build | House |
| 11:17 | Create | Villager (Male) |
| 11:32 | Create | Villager (Male) |
| 11:44 | Create | Villager (Male) |
| 11:53 | Create | Fishing Ship |
| 12:03 | Create | Fishing Ship |
| 12:40 | Research | Feudal Age |
| 13:31 | Build | Palisade Wall |
| 14:18 | Create | Villager (Male) |
| 14:23 | Build | House |
| 14:31 | Create | Fishing Ship |
| 14:45 | Create | Villager (Male) |
| 14:45 | Create | Villager (Male) |
| 14:50 | Age | Feudal Age |
| 14:51 | Build | House |
| 14:55 | Create | Villager (Male) |
| 15:03 | Create | Unit 2626 |
| 15:11 | Create | Villager (Male) |
| 15:19 | Create | Unit 2626 |
| 15:22 | Create | Villager (Male) |
| 15:24 | Create | Villager (Male) |
| 15:25 | Create | Villager (Male) |
| 15:38 | Build | Palisade Wall |
| 15:39 | Create | Villager (Male) |
| 16:00 | Create | Fire Galley |
| 16:09 | Create | Villager (Male) |
| 16:12 | Create | Villager (Male) |
| 16:25 | Build | Dock |
| 16:55 | Create | Galley |
| 16:55 | Create | Galley |
| 16:55 | Create | Galley |
| 17:49 | Create | Galley |
| 17:49 | Create | Galley |
| 17:53 | Build | House |
| 17:54 | Create | Villager (Male) |
| 17:55 | Create | Villager (Male) |
| 18:04 | Create | Galley |
| 18:05 | Create | Galley |
| 18:18 | Build | House |
| 18:20 | Build | House |
| 18:43 | Build | Blacksmith |
| 19:58 | Build | House |
| 20:18 | Create | Villager (Male) |
| 21:28 | Create | Villager (Male) |
| 21:29 | Create | Villager (Male) |
| 21:49 | Build | Mill |
| 21:57 | Create | Galley |
| 21:57 | Create | Galley |
| 21:59 | Build | House |
| 22:02 | Create | Galley |
| 22:03 | Create | Galley |
| 22:04 | Create | Galley |
| 22:07 | Create | Fire Galley |
| 22:07 | Create | Fire Galley |
| 22:15 | Create | Galley |
| 22:15 | Create | Galley |
| 22:32 | Build | House |
| 22:35 | Create | Fishing Ship |
| 22:36 | Create | Fishing Ship |
| 22:49 | Create | Galley |
| 22:49 | Create | Galley |
| 22:52 | Create | Villager (Male) |
| 23:01 | Build | Market |
| 23:07 | Build | Barracks |
| 23:13 | Create | Villager (Male) |
| 23:27 | Build | Mill |
| 23:35 | Build | House |
| 24:49 | Create | Villager (Male) |
| 25:07 | Research | Castle Age |
| 25:14 | Build | Mining Camp |
| 25:28 | Research | Fletching |
| 25:41 | Create | Villager (Male) |
| 25:41 | Create | Villager (Male) |
| 26:08 | Create | Galley |
| 26:08 | Create | Galley |
| 26:55 | Build | Dock |
| 27:15 | Create | Villager (Male) |
| 27:21 | Research | Gold Mining |
| 27:26 | Build | Lumber Camp |
| 27:41 | Build | Lumber Camp |
| 27:54 | Age | Castle Age |
| 28:04 | Create | Longboat |
| 28:04 | Create | Longboat |
| 28:05 | Create | Longboat |
| 28:10 | Create | Villager (Male) |
| 28:16 | Create | Fishing Ship |
| 28:16 | Create | Fishing Ship |
| 28:28 | Build | Town Center |
| 28:41 | Create | Villager (Male) |
| 28:49 | Build | Town Center |
| 29:35 | Build | Barracks |
| 29:36 | Create | Villager (Male) |
| 29:37 | Create | Villager (Male) |
| 30:07 | Build | Outpost |
| 30:08 | Create | Villager (Male) |
| 30:20 | Create | Villager (Male) |
| 30:22 | Create | Villager (Male) |
| 30:30 | Create | Villager (Male) |
| 30:31 | Create | Villager (Male) |
| 30:32 | Create | Villager (Male) |
| 30:33 | Create | Villager (Male) |
| 30:33 | Create | Villager (Male) |
| 30:36 | Research | Stone Mining |
| 30:46 | Create | Villager (Male) |
| 31:10 | Build | Outpost |
| 31:26 | Build | House |
| 31:52 | Build | Dock |
| 31:59 | Research | Tech 906 |
| 32:29 | Create | Villager (Male) |
| 32:29 | Create | Villager (Male) |
| 32:31 | Create | Villager (Male) |
| 32:31 | Create | Villager (Male) |
Build order — ajahrens
First 150 of 258 actions detected
| 1:16 | Build | Town Center |
| 2:39 | Build | House |
| 2:48 | Build | House |
| 3:00 | Create | Villager (Male) ×4 |
| 3:00 | Create | Villager (Male) ×4 |
| 3:01 | Create | Villager (Male) ×4 |
| 4:19 | Create | Villager (Male) |
| 4:19 | Create | Villager (Male) |
| 4:32 | Create | Villager (Male) |
| 4:32 | Create | Villager (Male) |
| 5:32 | Create | Villager (Male) |
| 5:32 | Create | Villager (Male) |
| 5:33 | Create | Villager (Male) |
| 5:43 | Build | Dock |
| 5:51 | Build | House |
| 5:53 | Build | House |
| 6:10 | Create | Villager (Male) |
| 6:42 | Create | Fishing Ship |
| 6:42 | Create | Fishing Ship |
| 6:43 | Create | Fishing Ship |
| 6:48 | Create | Villager (Male) |
| 6:48 | Create | Villager (Male) |
| 7:28 | Create | Villager (Male) |
| 7:28 | Create | Villager (Male) |
| 7:31 | Create | Fishing Ship |
| 7:31 | Create | Fishing Ship |
| 7:31 | Create | Fishing Ship |
| 7:51 | Create | Fishing Ship |
| 7:51 | Create | Fishing Ship |
| 7:54 | Create | Villager (Male) |
| 7:54 | Create | Villager (Male) |
| 7:55 | Create | Villager (Male) |
| 8:01 | Create | Villager (Male) |
| 8:19 | Create | Villager (Male) |
| 8:22 | Create | Fishing Ship |
| 8:22 | Create | Fishing Ship |
| 8:50 | Create | Villager (Male) |
| 9:05 | Create | Fishing Ship |
| 9:19 | Create | Villager (Male) |
| 9:32 | Build | House |
| 9:34 | Build | House |
| 9:44 | Create | Villager (Male) |
| 9:48 | Create | Fishing Ship |
| 10:18 | Create | Fishing Ship |
| 10:27 | Create | Villager (Male) |
| 10:55 | Research | Loom |
| 11:04 | Create | Villager (Male) |
| 11:12 | Build | Lumber Camp |
| 11:34 | Research | Feudal Age |
| 11:34 | Research | Feudal Age |
| 11:35 | Research | Feudal Age |
| 11:38 | Create | Fishing Ship |
| 12:13 | Create | Villager (Male) |
| 12:13 | Create | Villager (Male) |
| 12:37 | Build | Dock |
| 12:41 | Create | Fishing Ship |
| 12:49 | Build | House |
| 12:51 | Build | House |
| 12:53 | Build | House |
| 13:20 | Create | Fishing Ship |
| 13:20 | Create | Fishing Ship |
| 13:32 | Create | Villager (Male) |
| 13:44 | Age | Feudal Age |
| 13:45 | Create | Unit 2626 |
| 13:45 | Create | Unit 2626 |
| 13:46 | Create | Unit 2626 |
| 13:56 | Create | Unit 2626 |
| 13:57 | Create | Unit 2626 |
| 13:57 | Create | Unit 2626 |
| 14:21 | Create | Villager (Male) |
| 14:36 | Create | Unit 2626 |
| 14:36 | Create | Unit 2626 |
| 14:36 | Create | Unit 2626 |
| 14:44 | Create | Unit 2626 |
| 14:44 | Create | Unit 2626 |
| 14:45 | Create | Unit 2626 |
| 15:07 | Create | Villager (Male) |
| 15:07 | Create | Villager (Male) |
| 15:19 | Create | Unit 2626 |
| 15:19 | Create | Unit 2626 |
| 15:28 | Create | Unit 2626 |
| 15:28 | Create | Unit 2626 |
| 15:57 | Create | Unit 2626 |
| 15:58 | Create | Unit 2626 |
| 15:58 | Create | Unit 2626 |
| 16:26 | Create | Unit 2626 |
| 16:26 | Create | Unit 2626 |
| 16:59 | Build | Lumber Camp |
| 17:27 | Create | Unit 2626 |
| 17:27 | Create | Unit 2626 |
| 18:06 | Create | Villager (Male) |
| 18:07 | Create | Villager (Male) |
| 18:07 | Create | Villager (Male) |
| 19:07 | Create | Villager (Male) |
| 19:07 | Create | Villager (Male) |
| 19:27 | Build | Blacksmith |
| 21:12 | Build | Mill |
| 21:44 | Create | Villager (Male) |
| 21:44 | Create | Villager (Male) |
| 21:44 | Create | Villager (Male) |
| 21:45 | Create | Villager (Male) |
| 21:50 | Build | Market |
| 22:06 | Create | Unit 2626 |
| 22:06 | Create | Unit 2626 |
| 22:06 | Create | Unit 2626 |
| 22:07 | Create | Unit 2626 |
| 22:45 | Research | Castle Age |
| 22:45 | Research | Castle Age |
| 22:56 | Build | Mining Camp |
| 23:07 | Research | Double-Bit Axe |
| 23:07 | Research | Double-Bit Axe |
| 23:32 | Create | Villager (Male) |
| 23:33 | Create | Villager (Male) |
| 23:33 | Create | Villager (Male) |
| 23:33 | Create | Villager (Male) |
| 23:33 | Create | Villager (Male) |
| 25:25 | Age | Castle Age |
| 25:53 | Create | Villager (Male) |
| 25:53 | Create | Villager (Male) |
| 26:04 | Build | Castle |
| 26:27 | Build | Town Center |
| 26:50 | Create | Unit 2626 |
| 26:51 | Create | Unit 2626 |
| 26:51 | Create | Unit 2626 |
| 27:43 | Build | Farm |
| 27:44 | Build | Farm |
| 27:46 | Build | Farm |
| 27:49 | Build | Farm |
| 28:07 | Research | Imperial Age |
| 28:24 | Create | Villager (Male) ×5 |
| 28:24 | Create | Villager (Male) ×5 |
| 28:38 | Build | Farm |
| 28:39 | Build | Farm |
| 28:39 | Build | Farm |
| 28:39 | Build | Farm |
| 28:39 | Build | Farm |
| 28:40 | Build | Farm |
| 28:40 | Build | Farm |
| 28:40 | Build | Farm |
| 29:13 | Research | Horse Collar |
| 29:14 | Research | Horse Collar |
| 29:14 | Research | Horse Collar |
| 29:53 | Create | Villager (Male) |
| 29:53 | Create | Villager (Male) |
| 30:07 | Build | Barracks |
| 30:15 | Create | Villager (Male) |
| 30:15 | Create | Villager (Male) |
| 30:40 | Create | Janissary |
| 30:40 | Create | Janissary |
| 30:52 | Build | University |
Build order — fs19mehmet
First 150 of 189 actions detected
| 0:21 | Build | Dock |
| 1:00 | Build | Town Center |
| 1:59 | Build | House |
| 3:01 | Create | Villager (Male) |
| 3:01 | Create | Villager (Male) |
| 3:01 | Create | Villager (Male) |
| 3:01 | Create | Villager (Male) |
| 3:01 | Create | Villager (Male) |
| 3:37 | Build | House |
| 4:34 | Create | Villager (Male) |
| 4:50 | Create | Fishing Ship |
| 5:13 | Create | Villager (Male) |
| 5:31 | Create | Villager (Male) |
| 5:58 | Create | Villager (Male) |
| 6:12 | Create | Villager (Male) |
| 6:33 | Build | House |
| 6:50 | Create | Villager (Male) |
| 6:58 | Create | Fishing Ship |
| 7:33 | Build | House |
| 7:38 | Build | House |
| 7:41 | Create | Villager (Male) |
| 8:30 | Create | Villager (Male) |
| 8:30 | Create | Villager (Male) |
| 8:42 | Build | House |
| 9:13 | Create | Villager (Male) |
| 9:22 | Build | Mill |
| 9:31 | Create | Villager (Male) |
| 9:31 | Create | Villager (Male) |
| 10:18 | Create | Villager (Male) |
| 10:35 | Build | House |
| 10:37 | Build | House |
| 10:57 | Create | Villager (Male) |
| 11:25 | Research | Loom |
| 11:25 | Research | Feudal Age |
| 11:40 | Build | Barracks |
| 11:57 | Build | Mining Camp |
| 12:31 | Build | House |
| 12:35 | Create | Militia |
| 12:59 | Create | Fishing Ship |
| 13:15 | Create | Militia |
| 13:21 | Build | House |
| 13:23 | Build | House |
| 13:36 | Age | Feudal Age |
| 13:44 | Create | Villager (Male) |
| 13:44 | Create | Villager (Male) |
| 14:16 | Build | Barracks |
| 14:18 | Research | Man-at-Arms (upgrade) |
| 14:39 | Create | Villager (Male) |
| 14:40 | Create | Villager (Male) |
| 14:56 | Create | Villager (Male) |
| 15:14 | Create | Militia |
| 15:14 | Create | Militia |
| 15:15 | Create | Militia |
| 15:15 | Create | Militia |
| 15:36 | Create | Militia |
| 15:36 | Create | Militia |
| 15:44 | Build | Blacksmith |
| 16:10 | Create | Militia |
| 16:10 | Create | Militia |
| 16:21 | Create | Militia |
| 16:21 | Create | Militia |
| 16:55 | Research | Forging |
| 16:55 | Research | Scale Mail Armor |
| 17:20 | Build | House |
| 17:21 | Build | House |
| 17:22 | Build | House |
| 17:26 | Create | Villager (Male) |
| 17:26 | Create | Villager (Male) |
| 17:38 | Build | Mill |
| 18:11 | Research | Town Watch |
| 18:11 | Research | Wheelbarrow |
| 19:25 | Create | Militia |
| 19:25 | Create | Militia |
| 19:33 | Build | House |
| 19:34 | Build | House |
| 20:07 | Build | Market |
| 20:44 | Research | Castle Age |
| 21:08 | Create | Militia |
| 21:09 | Create | Militia |
| 21:19 | Create | Militia |
| 21:19 | Create | Militia |
| 21:20 | Create | Militia |
| 21:55 | Create | Militia |
| 21:56 | Create | Militia |
| 21:56 | Create | Militia |
| 22:36 | Build | Mining Camp |
| 23:24 | Age | Castle Age |
| 23:55 | Build | Town Center |
| 24:24 | Build | Lumber Camp |
| 24:27 | Create | Villager (Male) |
| 24:36 | Research | Long Swordsman (upgrade) |
| 24:36 | Research | Squires |
| 24:40 | Create | Militia |
| 24:40 | Create | Militia |
| 24:40 | Create | Militia |
| 24:40 | Create | Militia |
| 25:31 | Research | Double-Bit Axe |
| 25:54 | Create | Militia |
| 25:55 | Create | Militia |
| 26:03 | Research | Chain Mail Armor |
| 26:04 | Research | Iron Casting |
| 26:48 | Create | Villager (Male) |
| 26:48 | Create | Villager (Male) |
| 26:48 | Create | Villager (Male) |
| 26:48 | Create | Villager (Male) |
| 27:05 | Research | Horse Collar |
| 27:50 | Create | Villager (Male) |
| 28:03 | Build | Farm |
| 28:04 | Build | Farm |
| 28:04 | Build | Farm |
| 28:06 | Build | Farm |
| 28:09 | Build | Farm |
| 28:15 | Build | Lumber Camp |
| 28:35 | Create | Villager (Male) |
| 28:38 | Create | Villager (Male) |
| 28:38 | Create | Villager (Male) |
| 28:48 | Create | Militia |
| 28:49 | Create | Militia |
| 28:49 | Create | Militia |
| 29:19 | Create | Villager (Male) |
| 29:33 | Create | Villager (Male) |
| 29:33 | Create | Villager (Male) |
| 30:09 | Build | Town Center |
| 30:17 | Create | Militia |
| 30:17 | Create | Militia |
| 30:17 | Create | Militia |
| 30:17 | Create | Militia |
| 30:53 | Create | Militia |
| 30:53 | Create | Militia |
| 30:53 | Create | Militia |
| 30:53 | Create | Militia |
| 31:58 | Build | Farm |
| 31:59 | Build | Farm |
| 32:00 | Build | Farm |
| 32:01 | Build | Farm |
| 32:02 | Build | Farm |
| 32:13 | Build | Farm |
| 32:13 | Build | Farm |
| 32:14 | Build | Farm |
| 32:15 | Build | Farm |
| 32:18 | Create | Villager (Male) ×5 |
| 32:24 | Create | Villager (Male) |
| 32:24 | Create | Villager (Male) |
| 32:25 | Create | Villager (Male) |
| 32:39 | Create | Villager (Male) |
| 32:40 | Create | Villager (Male) |
| 32:40 | Create | Villager (Male) |
| 32:40 | Create | Villager (Male) |
| 32:45 | Build | House |
| 32:47 | Build | House |
Match timeline
| 0:21 | fs19mehmet · first_building Dock |
| 2:24 | KMTZ · first_building Dock |
| 5:43 | ajahrens · first_building Dock |
| 11:40 | fs19mehmet · first_building Barracks |
| 13:31 | KMTZ · wall_segment Palisade Wall x9 |
| 13:36 | fs19mehmet · age_up feudal |
| 13:44 | ajahrens · age_up feudal |
| 14:50 | KMTZ · age_up feudal |
| 15:23 | bobey2017 · first_building Barracks |
| 15:38 | KMTZ · wall_segment Palisade Wall x10 |
| 15:49 | bobey2017 · age_up feudal |
| 17:04 | bobey2017 · first_building Stable |
| 23:07 | KMTZ · first_building Barracks |
| 23:24 | fs19mehmet · age_up castle |
| 24:31 | bobey2017 · age_up castle |
| 25:04 | KMTZ · first_market_buy 100 food |
| 25:25 | ajahrens · age_up castle |
| 26:04 | ajahrens · first_building Castle |
| 27:54 | KMTZ · age_up castle |
| 30:07 | ajahrens · first_building Barracks |
| 30:27 | bobey2017 · first_building Castle |
| 31:17 | ajahrens · age_up imperial |
| 33:56 | KMTZ · first_building Castle |
| 35:08 | ajahrens · first_building Siege Workshop |
| 37:16 | fs19mehmet · first_building Monastery |
| 37:51 | fs19mehmet · first_building Archery Range |
| 39:13 | KMTZ · age_up imperial |
| 39:14 | KMTZ · first_market_sell 100 wood |
| 39:35 | fs19mehmet · first_building Castle |
| 41:49 | fs19mehmet · age_up imperial |
| 41:54 | bobey2017 · age_up imperial |
| 44:17 | ajahrens · first_market_sell 500 wood |
| 45:57 | fs19mehmet · resign |
[ AI ANALYSIS · 1 CREDIT ]
What really happened in this match?
Wolo.gg analyzes every decision: build order, eco, micro, common mistakes by bracket. Personalized analysis on WhatsApp or Discord in 30 seconds.
Civ guide
Malians
Perfil
Jugador #5651982